 Dungeon Crawl Stone Soup version 0.23.2-40-g277498a001 (webtiles) character file.

Game seed: 17115370123749113612

12719 Dexcius the Severer (level 11, -1/101 HPs)
             Began as a Minotaur Berserker on Aug 19, 2019.
             Was a High Priest of Trog.
             Slain by a komodo dragon (13 damage)
             ... on level 14 of the Dungeon on Aug 20, 2019.
             The game lasted 00:46:02 (11221 turns).

Dexcius the Severer (Minotaur Berserker)           Turns: 11221, Time: 00:46:02

Health: -1/101     AC: 21    Str: 25    XL:     11   Next: 66%
Magic:  3/3        EV: 12    Int:  4    God:    Trog [*****.]
Gold:   518        SH:  3    Dex: 10    Spells: 10/10 levels left

rFire    + . .     SeeInvis .   B - +4 broad axe (antimagic)
rCold    . . .     Gourm    .   b - +0 buckler
rNeg     . . .     Faith    .   E - +1 plate armour
rPois    .         Spirit   .   (helmet restricted)
rElec    .         Reflect  .   (no cloak)
rCorr    .         Harm     .   t - +0 pair of gloves
MR       .....                  y - +0 pair of boots
Stlth    ..........             (no amulet)
HPRegen  0.26/turn              f - +5 ring of slaying
MPRegen  0.08/turn              l - +3 ring of evasion

@: lethally poisoned (-1 -> -11)
A: retaliatory headbutt, horns 2, slimy green scales 1, fire resistance 1,
shaggy fur 1, MP-powered wands
a: Berserk, Trog's Hand, Brothers in Arms, Renounce Religion


You were on level 14 of the Dungeon.
You worshipped Trog.
Trog was extremely pleased with you.
You were not hungry.

You visited 1 branch of the dungeon, and saw 12 of its levels.
You also visited: Sewer and Ossuary.

You collected 540 gold pieces.
You spent 22 gold pieces at shops.

Inventory:

Hand Weapons
 p - a +1 morningstar
 B - a +4 antimagic broad axe (weapon)
Armour
 b - a +0 buckler (worn)
 t - a +0 pair of gloves (worn)
 y - a +0 pair of boots (worn)
 E - a +1 plate armour (worn)
Jewellery
 f - a +5 ring of slaying (left hand)
 l - a +3 ring of evasion (right hand)
 o - a cursed +2 ring of dexterity
Wands
 h - a wand of polymorph (6)
 i - a wand of paralysis (5)
 n - a wand of iceblast (8)
 w - a wand of disintegration (13)
Scrolls
 a - 8 scrolls of identify
 d - a scroll of blinking
 e - 6 scrolls of remove curse
 g - 5 scrolls of fear
 j - 3 scrolls of teleportation
Potions
 k - 2 potions of curing
 r - 2 potions of heal wounds
 u - a potion of flight
Comestibles
 c - 21 rations


   Skills:
 + Level 10.9 Fighting
 + Level 15.2 Axes
 + Level 10.9 Armour
 + Level 5.7 Dodging
 + Level 1.4 Stealth
 + Level 0.3 Shields


You had 10 spell levels left.
You didn't know any spells.
Your spell library was empty.

Dungeon Overview and Level Annotations

Branches:
Dungeon (11/15)            Temple (0/1) D:7            Lair (0/6) D:11
    Orc (0/2) D:10

Altars:
Cheibriados
Dithmenos
Fedhas
Gozag
Hepliaklqana
Kikubaaqudgha
Makhleb
Nemelex Xobeh
Qazlal
Wu Jian
Yredelemnul
Zin

Shops:
D:4 *   D:8 *


Innate Abilities, Weirdness & Mutations

You reflexively headbutt those who attack you in melee.
You have a pair of horns on your head.
You are partially covered in slimy green scales. (AC +2)
Your flesh is heat resistant. (rF+)
You are covered in fur. (AC +1)
You expend magic power (3 MP) to strengthen your wands.


Message History

Items here: )) †† a +0 giant club x2; an ugly thing corpse x2
A komodo dragon comes into view.
You feel sick.
The komodo dragon hisses angrily.
You feel sick.
Found an escape hatch in the floor.
You feel sick.
You hit the komodo dragon. You headbutt the komodo dragon!!
The komodo dragon is heavily wounded.
You feel sick.
The komodo dragon bites you but does no damage.
You slash the komodo dragon!
The komodo dragon is heavily wounded.
You feel sick. The komodo dragon bites you!!
* * * LOW HITPOINT WARNING * * *
You hit the komodo dragon.
The komodo dragon is severely wounded.
You feel sick. The komodo dragon bites you!
You die...

####. .##......#...
..... ............ ##.#
#. #.......... #..###.
.........># ##.# #..
..........# ##..###..
..<.......# #........
#....l.# ###.#......
##....@.#####.).#......
..........)....###......
...#.##.$####### #######
# # #.## ...# ...## #...
#... ####


You could see a komodo dragon.

Vanquished Creatures
  Snorg (D:10)
  A centaur warrior (D:8)
  2 two-headed ogres
  An unseen horror (D:10)
  Pikel (D:9)
  3 ugly things (D:14)
  An efreet (D:14)
  2 trolls
  2 hippogriffs (D:10)
  A wyvern (D:8)
  Eustachio (D:4)
  A yak (D:9)
  2 hungry ghosts
  3 hogs (D:9)
  A human (D:9)
  A black bear (D:8)
  Purgy (Sewer)
  6 sky beasts
  An ice beast (D:4)
  2 orc warriors (D:10)
  An eye of draining (D:10)
  5 ogres
  A crocodile (D:14)
  7 centaurs
  The ghost of kalagan the Caller, an amateur DESu (D:3)
  5 bullfrogs
  6 scorpions
  5 water moccasin zombies (Ossuary)
  A wyvern skeleton (D:7)
  A water moccasin skeleton (D:8)
  5 killer bees (D:9)
  2 howler monkeys (D:9)
  3 crimson imps
  A bullfrog zombie (D:8)
  2 centaur zombies
  3 jellies
  6 quasits
  3 bullfrog skeletons
  2 gnoll shamans
  5 orc priests
  4 hounds
  13 orc wizards
  A centaur skeleton (D:4)
  Terence (D:3)
  3 iguanas
  4 worker ants
  A killer bee zombie (D:7)
  5 big kobold zombies (Ossuary)
  A hound zombie (D:5)
  2 hound skeletons
  2 mummies (Ossuary)
  A worker ant zombie (D:8)
  11 gnolls
  17 adders
  A river rat (D:5)
  3 shadow imps
  4 adder zombies
  2 adder skeletons
  4 worms
  2 dart slugs
  2 leopard geckos
  32 orcs
  15 bats
  7 giant cockroaches
  10 goblins
  13 hobgoblins
  18 jackals
  6 quokkas
  8 ball pythons
  2 frilled lizards
  A gnoll zombie (Ossuary)
  5 hobgoblin zombies (Ossuary)
  A jackal skeleton (D:4)
  7 kobolds
  5 kobold zombies (Ossuary)
  6 orc zombies (Ossuary)
  A quokka zombie (D:7)
  6 rats
  A spectral orc (D:9)
327 creatures vanquished.

Vanquished Creatures (others)
  A fungus (D:6)
1 creature vanquished.

Grand Total: 328 creatures vanquished

Notes
Turn   | Place    | Note
-------+----------+-------------------------------------------
     0 | D:1      | Dexcius the Minotaur Berserker began the quest for the Orb.
     0 | D:1      | Reached XP level 1. HP: 19/19 MP: 0/0
   182 | D:1      | Reached skill level 4 in Axes
   189 | D:1      | Reached XP level 2. HP: 27/27 MP: 1/1
   231 | D:1      | Reached ** piety under Trog
   543 | D:1      | Reached XP level 3. HP: 27/33 MP: 2/2
  1160 | D:2      | Reached XP level 4. HP: 22/41 MP: 3/3
  1449 | D:2      | Reached skill level 5 in Axes
  1647 | D:2      | Found a burning altar of Makhleb.
  1797 | D:2      | Reached *** piety under Trog
  2269 | D:3      | Reached XP level 5. HP: 47/47 MP: 4/4
  2313 | D:3      | Reached skill level 5 in Fighting
  2330 | D:3      | Noticed kalagan's ghost (amateur DESu)
  2362 | D:3      | Reached skill level 6 in Axes
  2488 | D:3      | Noticed Terence
  2494 | D:3      | Killed Terence
  2494 | D:3      | Reached XP level 6. HP: 47/56 MP: 5/5
  2719 | D:3      | Found a transporter.
  2741 | D:3      | Found a transporter.
  2782 | D:3      | Reached skill level 1 in Stealth
  2786 | D:3      | Killed kalagan's ghost
  2792 | D:3      | Reached skill level 7 in Axes
  2881 | D:3      | Gained mutation: You are clumsy. (Dex -2) [potion of
                  | mutation]
  2881 | D:3      | Gained mutation: You expend magic power (3 MP) to
                  | strengthen your wands. [potion of mutation]
  2881 | D:3      | Gained mutation: You are covered in fur. (AC +1) [potion of
                  | mutation]
  2952 | D:3      | Found a stormy altar of Qazlal.
  3321 | D:4      | Noticed an ice beast
  3330 | D:4      | Killed an ice beast
  3330 | D:4      | Reached XP level 7. HP: 61/61 MP: 6/6
  3364 | D:4      | Noticed Eustachio
  3379 | D:4      | Killed Eustachio
  3382 | D:4      | Reached skill level 8 in Axes
  3856 | D:4      | Reached **** piety under Trog
  4089 | D:4      | Found Guna Fek's General Store.
  4559 | D:4      | Received a gift from Trog
  4574 | D:4      | Reached XP level 8. HP: 61/70 MP: 7/7
  4644 | D:4      | Bought a scroll of identify for 22 gold pieces
  4751 | D:5      | Entered Level 5 of the Dungeon
  4974 | D:5      | Reached skill level 5 in Armour
  4975 | D:5      | Found a glowing drain.
  4982 | Sewer    | Entered a sewer
  5088 | Sewer    | Noticed Purgy
  5092 | Sewer    | Killed Purgy
  5092 | Sewer    | Reached skill level 9 in Axes
  5294 | D:5      | Found an ancient bone altar of Kikubaaqudgha.
  5937 | D:6      | Reached skill level 10 in Axes
  6107 | D:6      | Found a glowing silver altar of Zin.
  6232 | D:6      | Reached skill level 5 in Dodging
  6232 | D:6      | Reached XP level 9. HP: 76/79 MP: 8/8
  6321 | D:6      | Found a blossoming altar of Fedhas.
  6414 | D:6      | Found a sparkling altar of Nemelex Xobeh.
  6503 | D:7      | Found a shadowy altar of Dithmenos.
  6565 | D:7      | Found an ornate altar of the Wu Jian Council.
  6631 | D:7      | Found a sand-covered staircase.
  6640 | Ossuary  | Entered an ossuary
  6654 | Ossuary  | Reached ***** piety under Trog
  6678 | Ossuary  | Reached skill level 11 in Axes
  7054 | D:7      | Found a staircase to the Ecumenical Temple.
  7066 | D:7      | Found a burning altar of Makhleb.
  7218 | D:7      | Found a hazy altar of Hepliaklqana.
  7742 | D:8      | Reached skill level 12 in Axes
  7814 | D:8      | Lost mutation: You are covered in fur. (AC +1) [potion of
                  | mutation]
  7814 | D:8      | Lost mutation: You are clumsy. (Dex -2) [potion of
                  | mutation]
  7814 | D:8      | Lost mutation: You expend magic power (3 MP) to strengthen
                  | your wands. [potion of mutation]
  7814 | D:8      | Gained mutation: Your flesh is heat resistant. (rF+)
                  | [potion of mutation]
  7814 | D:8      | Gained mutation: You are partially covered in slimy green
                  | scales. (AC +2) [potion of mutation]
  7814 | D:8      | Gained mutation: You are covered in fur. (AC +1) [potion of
                  | mutation]
  7814 | D:8      | Gained mutation: You expend magic power (3 MP) to
                  | strengthen your wands. [potion of mutation]
  8202 | D:8      | Reached XP level 10. HP: 88/88 MP: 9/9
  8489 | D:8      | Found Rusuhal's Assorted Antiques.
  8545 | D:8      | Noticed a centaur warrior
  8562 | D:8      | Killed a centaur warrior
  8562 | D:8      | Reached skill level 13 in Axes
  8569 | D:8      | Received a gift from Trog
  9290 | D:9      | Found a basalt altar of Yredelemnul.
  9340 | D:9      | Noticed a two-headed ogre
  9343 | D:9      | Killed a two-headed ogre
  9479 | D:9      | Found an opulent altar of Gozag.
  9596 | D:9      | Found a snail-covered altar of Cheibriados.
  9647 | D:9      | Noticed Pikel
  9652 | D:9      | Killed Pikel
  9652 | D:9      | Reached skill level 10 in Fighting
  9652 | D:9      | Reached skill level 14 in Axes
  9688 | D:9      | Reached XP level 11. HP: 99/99 MP: 3/10
  9910 | D:10     | Entered Level 10 of the Dungeon
 10023 | D:10     | Reached skill level 10 in Armour
 10032 | D:10     | Noticed Snorg
 10048 | D:10     | Killed Snorg
 10387 | D:10     | Identified the +4 ring mail "Makesil" {rPois MP+9 Dex-2}
 10456 | D:10     | Killed an unseen horror
 10494 | D:10     | Got a shimmering falchion
 10495 | D:10     | Identified the +6 falchion "Plog" {freeze, rPois} (You
                  | found it on level 10 of the Dungeon)
 10690 | D:10     | Found a staircase to the Orcish Mines.
 10938 | D:11     | Found a shadowy altar of Dithmenos.
 11034 | D:11     | You fall through a shaft for 3 floors!
 11188 | D:14     | Noticed a brown ugly thing
 11188 | D:14     | Noticed a brown ugly thing
 11188 | D:14     | Noticed a brown ugly thing
 11189 | D:14     | Noticed a two-headed ogre
 11200 | D:14     | Killed a brown ugly thing
 11206 | D:14     | Killed a green ugly thing
 11206 | D:14     | Reached skill level 15 in Axes
 11209 | D:14     | Killed a green ugly thing
 11213 | D:14     | Killed a two-headed ogre
 11221 | D:14     | Slain by a komodo dragon

Skill      XL: |  1  2  3  4  5  6  7  8  9 10 11 |
---------------+----------------------------------+-----
Axes           | 4 5 6 7 8 10 12 14 15 | 15.2
Fighting       | 4 5 6 7 8 10 | 10.9
Dodging        | 3 4 5 |  5.7
Armour         | 3 4 6 7 9 10 | 10.9
Stealth        | 1 |  1.4
Shields        | |  0.3

Action                   |  1- 3 |  4- 6 |  7- 9 | 10-12 || total
-------------------------+-------+-------+-------+-------++-------
Melee: Hand axe          |    44 |    59 |       |       ||   103
       Headbutt          |     6 |    12 |    57 |    51 ||   126
       War axe           |       |    32 |   300 |    35 ||   367
       Broad axe         |       |       |       |   175 ||   175
Invok: Berserk           |       |     1 |     1 |     1 ||     3
  Use: Potion            |     2 |     3 |     7 |       ||    12
       Scroll            |       |     9 |     5 |     9 ||    23
  Eat: Ration            |     1 |     2 |     5 |     5 ||    13
Armor: Animal skin       |     7 |     2 |       |       ||     9
       Leather armour    |       |     7 |       |       ||     7
       Ring mail         |       |    27 |     6 |       ||    33
       Chain mail        |       |       |    86 |    46 ||   132
       Plate armour      |       |       |       |    48 ||    48
Dodge: Dodged            |    27 |   118 |   166 |   126 ||   437
Block: Buckler           |       |       |       |     6 ||     6
